 Dungeon Crawl Stone Soup version 0.24.0-1-gfbc8707 (webtiles) character file.

Game seed: 3594189539118889360, levelgen mode: deterministic

533876 JeffiDaFish the Impregnable (level 25, -5/180 HPs)
             Began as a Gargoyle Fighter on Oct 27, 2019.
             Was the Champion of Okawaru.
             Killed from afar by a fire giant (19 damage)
             ... with a fireball
             ... on level 4 of the Depths on Nov 3, 2019.
             The game lasted 02:22:22 (65447 turns).

JeffiDaFish the Impregnable (Gargoyle Fighter)     Turns: 65447, Time: 02:22:23

Health: -5/180     AC: 57    Str: 32    XL:     25   Next: 74%
Magic:  16/39      EV: 18    Int: 11    God:    Okawaru [******]
Gold:   1905       SH: 21    Dex: 15    Spells: 24/24 levels left

rFire    + . .     SeeInvis +   a - +8 eveningstar (protect)
rCold    + . .     Gourm    .   l - +1 shield {AC+3}
rNeg     + . .     Faith    .   Q - +7 chain mail "Reakyint" {rF+ rC+ MR+ MP+9}
rPois    ∞         Spirit   .   u - +2 helmet
rElec    +         Reflect  +   O - +2 cloak of the New World {Dex+5}
rCorr    .         Harm     .   K - +2 pair of gloves {Str+3}
MR       ++...                  d - +2 pair of boots {run}
Stlth    ..........             L - +3 amulet of reflection
HPRegen  0.40/turn              A - +6 ring of evasion
MPRegen  0.26/turn              F - ring of see invisible

@: corroded, protection aura, very slightly contaminated, studying Ice Magic,
quick
A: big wings, claws 1, negative energy resistance 1, electricity resistance,
unbreathing, petrification resistance, rot immunity, MP-powered wands, AC +19
}: 3/15 runes: serpentine, barnacled, silver
a: Fly, Heroism, Finesse, Renounce Religion


You were on level 4 of the Depths.
You worshipped Okawaru.
Okawaru was exalted by your worship.
You were not hungry.

You visited 9 branches of the dungeon, and saw 44 of its levels.
You also visited: Ice Cave and Wizlab.

You collected 4973 gold pieces.
You spent 3068 gold pieces at shops.

Inventory:

Hand Weapons
 a - a +8 eveningstar of protection (weapon)
 m - the +5 demon whip "Spellbinder" {antimagic, MR+}
   (You found it on level 3 of the Shoals)

   It reduces the magical energy of the wielder, and disrupts the spells and
   magical abilities of those hit.
   Natural abilities and divine invocations are not affected.
   It affects your resistance to hostile enchantments.
Armour
 d - a +2 pair of boots of running (worn)
 l - a +1 shield of protection (worn)
 t - a +1 cloak of cold resistance
 u - a +2 helmet (worn)
 K - a +2 pair of gloves of strength (worn)
 O - the +2 cloak of the New World (worn) {Dex+5}
   (You found it on level 5 of the Vaults)

   It affects your dexterity (+5).
 Q - the +7 chain mail "Reakyint" (worn) {rF+ rC+ MR+ MP+9}
   (You bought it in a shop on level 2 of the Orcish Mines)

   It protects you from fire.
   It protects you from cold.
   It affects your resistance to hostile enchantments.
   It affects your magic capacity (+9).
Jewellery
 h - the ring "Xeppem" {MR+ Str+2}
   (You bought it in a shop on level 1 of the Depths)

   [ring of protection from magic]

   It affects your strength (+2).
   It affects your resistance to hostile enchantments.
 k - an uncursed ring of protection from fire
 A - a +6 ring of evasion (left hand)
 F - a ring of see invisible (right hand)
 L - a +3 amulet of reflection (around neck)
 R - an uncursed ring of positive energy
 T - the ring "Rean" {Ice Str+4}
   (You found it on level 5 of the Vaults)

   [ring of ice]

   It enhances your ice magic.
   It affects your strength (+4).
   It makes you vulnerable to fire.
   It protects you from cold.
 U - an uncursed amulet of faith
 V - an uncursed ring of resist corrosion {unknown}
 W - the amulet "Vuz Apnu" {Acrobat MP+9, unknown}
   (You found it on level 3 of the Depths)

   [amulet of the acrobat]

   It helps you evade while moving and waiting.
   It affects your magic capacity (+9).
Wands
 j - a wand of scattershot (7)
 y - a wand of disintegration (37)
 N - a wand of acid (25)
Scrolls
 c - 2 scrolls of acquirement
 e - 7 scrolls of teleportation
 o - 5 scrolls of enchant armour
 p - 25 scrolls of identify
 q - 30 scrolls of remove curse
 r - 4 scrolls of enchant weapon
 s - 2 scrolls of silence
 x - 2 scrolls of holy word
 z - a scroll of torment {unknown}
 C - 11 scrolls of fog
 D - 4 scrolls of magic mapping
 G - a scroll of blinking
 M - a scroll of fear
 X - a scroll of amnesia
Potions
 g - 2 potions of invisibility
 i - 8 potions of magic
 n - 3 potions of haste
 w - a potion of heal wounds
 B - 12 potions of curing
 E - 4 potions of berserk rage
 H - 3 potions of resistance
 I - 4 potions of ambrosia
 J - 5 potions of agility
 P - 4 potions of might
 S - 6 potions of mutation
Books
 v - a manual of Ice Magic
Comestibles
 b - 36 chunks of flesh
 f - 72 rations


   Skills:
 * Level 24.6 Fighting
 + Level 19.1 Maces & Flails
 * Level 24.8 Armour
 - Level 3.3 Dodging
 - Level 1.4 Stealth
 + Level 19.6 Shields
 - Level 10.0 Invocations


You had 24 spell levels left.
You didn't know any spells.
Your spell library contained the following spells:

 Spells                   Type           Power        Failure   Level  Hunger
 Animate Skeleton         Necr           N/A          58%         1    ##.....
 Apportation              Tloc           #.....       58%         1    ##.....
 Confusing Touch          Hex            #.....       58%         1    ##.....
 Corona                   Hex            #......      58%         1    ##.....
 Flame Tongue             Conj/Fire      #....        58%         1    ##.....
 Freeze                   Ice            #...         58%         1    ##.....
 Magic Dart               Conj           #...         58%         1    ##.....
 Sandblast                Erth           #.....       58%         1    ##.....
 Shock                    Conj/Air       #...         58%         1    ##.....
 Summon Butterflies       Summ           #.......     58%         1    ##.....
 Summon Small Mammal      Summ           #...         58%         1    ##.....
 Blink                    Tloc           N/A          73%         2    ###....
 Call Imp                 Summ           #.......     73%         2    ###....
 Ensorcelled Hibernation  Hex/Ice        #.....       73%         2    ###....
 Passwall                 Tmut/Erth      #.......     73%         2    ###....
 Searing Ray              Conj           #.....       73%         2    ###....
 Slow                     Hex            #.......     73%         2    ###....
 Swiftness                Chrm/Air       #.......     73%         2    ###....
 Throw Frost              Conj/Ice       #.....       73%         2    ###....
 Call Canine Familiar     Summ           #.......     91%         3    ####...
 Confuse                  Hex            #.......     91%         3    ####...
 Conjure Flame            Conj/Fire      #.......     91%         3    ####...
 Dazzling Spray           Conj/Hex       #.....       91%         3    ####...
 Gell's Gravitas          Tloc           #.........   91%         3    ####...
 Inner Flame              Hex/Fire       #.......     91%         3    ####...
 Lesser Beckoning         Tloc           #.........   91%         3    ####...
 Mephitic Cloud           Conj/Pois/Air  #.......     91%         3    ####...
 Ozocubu's Armour         Chrm/Ice       #.......     91%         3    ####...
 Portal Projectile        Hex/Tloc       #.....       91%         3    ####...
 Static Discharge         Conj/Air       #.......     91%         3    ####...
 Stone Arrow              Conj/Erth      #.....       91%         3    ####...
 Summon Guardian Golem    Hex/Summ       #.......     91%         3    ####...
 Tukima's Dance           Hex            #.......     91%         3    ####...
 Airstrike                Air            #.........   100%        4    #####..
 Cause Fear               Hex            #.........   100%        4    #####..
 Force Lance              Conj/Tloc      #.......     100%        4    #####..
 Fulminant Prism          Conj/Hex       #.........   100%        4    #####..
 Iskenderun's Mystic Bla  Conj           #.......     100%        4    #####..
 Leda's Liquefaction      Hex/Erth       #.........   100%        4    #####..
 Passage of Golubria      Tloc           N/A          100%        4    #####..
 Petrify                  Tmut/Erth      #.......     100%        4    #####..
 Sticky Flame             Conj/Fire      #.......     100%        4    #####..
 Summon Ice Beast         Ice/Summ       #.......     100%        4    #####..
 Summon Lightning Spire   Summ/Air       #.......     100%        4    #####..
 Throw Icicle             Conj/Ice       #.......     100%        4    #####..
 Alistair's Intoxication  Tmut/Pois      #.......     100%        5    ######.
 Aura of Abjuration       Summ           #.........   100%        5    ######.
 Bolt of Magma            Conj/Fire/Erth #.........   100%        5    ######.
 Fireball                 Conj/Fire      #.........   100%        5    ######.
 Iskenderun's Battlesphe  Conj/Chrm      #.......     100%        5    ######.
 Lee's Rapid Deconstruct  Erth           #.........   100%        5    ######.
 Lightning Bolt           Conj/Air       #.........   100%        5    ######.
 Metabolic Englaciation   Hex/Ice        #.........   100%        5    ######.
 Silence                  Hex/Air        #.........   100%        5    ######.
 Summon Demon             Summ           #.........   100%        5    ######.
 Summon Forest            Summ/Tloc      #.........   100%        5    ######.
 Summon Mana Viper        Hex/Summ       #.......     100%        5    ######.
 Yara's Violent Unravell  Hex/Tmut       #.........   100%        5    ######.
 Bolt of Cold             Conj/Ice       #.........   100%        6    #######
 Conjure Ball Lightning   Conj/Air       #.........   100%        6    #######
 Darkness                 Hex            #.........   100%        6    #######
 Deflect Missiles         Chrm/Air       #.........   100%        6    #######
 Dispersal                Tloc           #.........   100%        6    #######
 Invisibility             Hex            #.......     100%        6    #######
 Iron Shot                Conj/Erth      #.........   100%        6    #######
 Haunt                    Necr/Summ      #.........   100%        7    #######
 Spellforged Servitor     Conj/Summ      #.........   100%        7    #######
 Summon Hydra             Summ           #.........   100%        7    #######
 Borgnjor's Revivificati  Necr           #.........   100%        8    #######
 Controlled Blink         Tloc           N/A          100%        8    #######
 Death's Door             Chrm/Necr      #.........   100%        8    #######
 Discord                  Hex            #.........   100%        8    #######
 Disjunction              Tloc           #.........   100%        8    #######
 Infestation              Necr           #.........   100%        8    #######
 Necromutation            Tmut/Necr      #.........   100%        8    #######
 Shatter                  Erth           #.........   100%        9    #######
 Tornado                  Air            #.........   100%        9    #######
 Statue Form              Tmut/Erth      Unusable     N/A         6    N/A

Dungeon Overview and Level Annotations

Branches:
Dungeon (15/15)            Temple (1/1) D:6            Lair (6/6) D:8
 Shoals (4/4) Lair:4        Snake (4/4) Lair:2          Orc (2/2) D:9
    Elf (3/3) Orc:2        Vaults (5/5) D:13          Crypt (0/3) Vaults:3
 Depths (4/5) D:15          IceCv (visited)          WizLab (visited)
  Slime: Lair:5-6

Altars:
Ashenzari
Cheibriados
Dithmenos
Elyvilon
Fedhas
Gozag
Hepliaklqana
Kikubaaqudgha
Makhleb
Nemelex Xobeh
Okawaru
Sif Muna
Trog
Vehumet
Wu Jian
Xom
Yredelemnul
Zin
The Shining One
Beogh
Jiyva

Shops:
D:6 }   D:11 :   Orc:2 [?!:   Elf:2 *   Snake:1 }   Snake:3 %   Vaults:1 *=%[?
Vaults:2 :?(   Vaults:5 !%?   Depths:1 =}=

Portals:
Hell: Depths:1 Depths:2 Depths:3
Abyss: Depths:1 Depths:2
Pandemonium: Depths:3
Ziggurat: Depths:1

Annotations:
Lair:3 3 runed translucent doors, Huasawuy's ghost, journeyman TrWz
Lair:4 exclusion: 2 oklob plants
Lair:5 exclusion: 4 oklob plants
Vaults:1 2 runed translucent doors, DizzySkin's ghost, veteran MiBe; Marixus's ghost, adept HOFi
Depths:4 the Enchantress


Innate Abilities, Weirdness & Mutations

You are resistant to torment.
Your stone body is resilient. (AC +19)
You are immune to poison.
Your large and strong wings let you fly indefinitely.
You resist negative energy. (rN+)
You are resistant to electric shocks. (rElec)
You can survive without breathing.
You are immune to petrification.
You are immune to rotting.
You have sharp fingernails.
You expend magic power (3 MP) to strengthen your wands.


Message History

You hear a deafening roar!
You hear a shout!
You hear a deafening roar!
You hear a shout!
A stone giant comes into view.
A balrug comes into view.
It is wielding a +4 demon whip of electrocution.
Level annotation: the Enchantress Welcome back, JeffiDaFish the Gargoyle Fighter.
Okawaru says: Bring me glory in combat!
Press ? for a list of commands and other information.
Blink to where?
Press: ? - help, Dir - move target cursor
As you read the scroll of blinking, it crumbles to dust.
An ice dragon, a golden dragon, a big kobold and a stone giant come into view.
The big kobold shouts!
The ettin shouts in stereo!
The ice dragon roars deafeningly!
The green ugly thing gurgles horribly!
The brown very ugly thing gurgles horribly!
You hear a shout! x2
A spriggan air mage comes into view.
The fire giant points at you and mumbles some strange words.
The fireball explodes!
The fireball engulfs you!! You resist.
You die...

.......Q......( ..
.......§.##''##
... .....#..##....
....#....#.##..
....#...##.#...
≈≈≈...#.#.2'...
≈≈≈........'...
.≈≈.....C..#
.......@..C#
#######.....##
≈D.....u##++##.
i.K...D..C.....
........u.......
.........u......#
C...............##
..........!......#
C.............#


You could see a golden dragon, a brown very ugly thing, a fire giant, an ice
dragon, 2 stone giants, a balrug, 2 ugly things, an ettin, a spriggan air mage
and a big kobold.

Vanquished Creatures
  An ancient lich (Vaults:5)
  Mennas (Vaults:4)
  Bai Suzhen (Vaults:3)
  Vashnia (Snake:2)
  A caustic shrike (Depths:4)
  Saint Roka (Depths:2)
  4 golden dragons
  A golden dragon (shapeshifter) (Depths:3)
  Nikola (Depths:2)
  Rupert (Snake:1)
  A tentacled monstrosity (Vaults:5)
  A titan (shapeshifter) (Depths:3)
  4 deep elf blademasters
  2 liches
  9 titans
  2 sphinxes (shapeshifter) (Depths:3)
  A quicksilver dragon (Vaults:5)
  2 krakens (Shoals:4)
  Agnes (Snake:1)
  2 storm dragons
  8 fire giants
  3 tengu reavers
  2 shadow dragons (Vaults:5)
  2 iron dragons (Vaults:5)
  11 nagarajas
  10 deep elf sorcerers
  Aizul (Snake:4)
  Louise (Snake:1)
  5 frost giants
  15 vault wardens
  8 deep elf elementalists
  15 very ugly things
  8 ironheart preservers
  4 war gargoyles
  A spriggan defender (Depths:1)
  22 stone giants
  2 vampire knights (Depths:1)
  4 deep elf demonologists
  8 deep elf annihilators
  A minotaur (shapeshifter) (Depths:3)
  11 purple draconians (WizLab)
  A minotaur (Depths:1)
  5 merfolk javelineers (Shoals:4)
  4 deep elf death magi
  9 statues (WizLab)
  11 ettins
  A blizzard demon (IceCv)
  8 merfolk impalers
  12 crystal guardians (Depths:3)
  3 deep elf high priests (Elf:3)
  5 fire dragons
  4 great orbs of eyes
  8 ice dragons
  11 yaktaur captains
  A hydra (shapeshifter) (Depths:3)
  3 rakshasas
  A fire dragon (shapeshifter) (Depths:3)
  22 naga warriors
  5 hydras
  34 vault guards
  Harold (D:7)
  3 catoblepae (Lair:6)
  2 merfolk avatars
  18 anacondas
  21 two-headed ogres
  2 alligator snapping turtles (Shoals:4)
  Erica (D:11)
  37 dancing weapons
  7 centaur warriors
  5 deep troll shamans (Depths:4)
  2 death knights
  5 deep troll earth magi
  3 satyrs
  2 tengu warriors (Depths:1)
  11 death yaks
  6 merfolk aquamancers
  13 ogre magi
  A vampire mage (Depths:2)
  2 orc high priests
  22 deep elf knights
  2 shock serpents
  A hell knight (Depths:2)
  12 naga sharpshooters
  2 storm dragon skeletons
  Sonja (Lair:2)
  14 skeletal warriors
  3 shadow wraiths
  11 sea snakes
  2 salamander mystics (Snake:2)
  Nergalle (Orc:2)
  A fire crab (shapeshifter) (Vaults:3)
  12 deep trolls
  3 unseen horrors
  5 wizards
  7 glowing orange brains
  An unseen horror (shapeshifter) (Vaults:5)
  11 naga ritualists
  15 ironbrand convokers
  4 flayed ghosts
  16 deep elf archers
  4 obsidian statues (Depths:3)
  A shadow dragon zombie (Vaults:4)
  21 orc knights
  A kraken simulacrum (Shoals:4)
  A lindwurm (Lair:6)
  14 harpies
  4 phantasmal warriors
  11 mana vipers
  7 fauns
  7 wolf spiders
  4 necromancers
  A salamander (shapeshifter) (D:10)
  11 orc sorcerers
  A wolf spider (shapeshifter) (Depths:3)
  A cyclops (shapeshifter) (Depths:3)
  30 ugly things
  74 deep elf magi
  A human zombie (Vaults:3)
  11 cyclopes
  13 manticores
  3 stone giant zombies
  A faun (shapeshifter) (Depths:3)
  16 salamanders
  4 elephants (Lair:5)
  11 merfolk sirens
  52 black mambas
  8 water nymphs
  14 guardian serpents (Snake:4)
  An eye of devastation (Elf:2)
  2 black mambas (shapeshifter)
  5 gargoyles
  3 ice statues
  16 vault sentinels
  2 molten gargoyles (Depths:3)
  17 naga magi
  9 spiny frogs
  A rime drake (Lair:3)
  2 torpor snails (Lair:3)
  6 komodo dragons
  2 efreet (D:15)
  14 ice devils (IceCv)
  26 yaktaurs
  A kobold demonologist (Depths:1)
  8 freezing wraiths
  A tengu conjurer (Depths:1)
  3 polar bears
  A tengu simulacrum (Vaults:3)
  28 merfolk
  A polar bear (shapeshifter) (Vaults:2)
  A jumping spider (shapeshifter) (Vaults:2)
  3 hornets
  9 trolls
  5 wind drakes
  Prince Ribbit (D:7)
  A sphinx simulacrum (Vaults:4)
  2 wind drakes (shapeshifter)
  9 snapping turtles
  4 raiju (Depths:3)
  19 dream sheep
  A slime creature (shapeshifter) (Depths:3)
  13 slime creatures
  4 blink frogs (Lair:5)
  10 hippogriffs
  2 fire giant simulacra
  A hippogriff (shapeshifter) (Elf:1)
  11 air elementals
  2 wyverns
  21 water elementals
  3 wraiths
  2 shadows
  7 basilisks
  47 yaks
  Eustachio (D:5)
  11 fire elementals
  Grum (D:10)
  8 humans (D:13)
  2 chaos spawn (D:12)
  2 hungry ghosts (D:9)
  A basilisk (shapeshifter) (Depths:1)
  A steam dragon (D:8)
  3 vampire mosquitoes (D:14)
  A human simulacrum (Vaults:3)
  Menkaure (D:7)
  8 wargs
  2 insubstantial wisps (Depths:3)
  A soldier ant (D:15)
  An acid dragon (Vaults:1)
  44 nagas
  12 water moccasins
  7 porcupines
  A hornet zombie (D:10)
  7 ice beasts
  2 necrophages
  53 orc warriors
  2 phantoms
  A black bear (D:10)
  13 boggarts
  An eye of draining (D:11)
  An elf zombie (Vaults:4)
  A human skeleton (Vaults:4)
  12 wolves
  34 ogres
  18 centaurs
  10 crocodiles
  Blork the orc (D:5)
  9 big kobolds
  14 earth elementals
  17 bullfrogs
  2 gnoll sergeants
  6 scorpions
  A killer bee (shapeshifter) (Depths:3)
  7 wights
  7 electric eels
  A vampire bat (D:9)
  9 crimson imps
  5 howler monkeys
  2 bullfrog zombies
  A quasit (D:8)
  A yaktaur simulacrum (Vaults:1)
  4 centaur zombies
  4 jellies (D:8)
  A bullfrog skeleton (D:8)
  8 hounds
  A gnoll shaman (D:6)
  33 orc priests
  2 centaur skeletons
  44 orc wizards
  3 iguanas
  17 worker ants
  Robin (D:1)
  3 worker ant zombies
  11 adders
  21 gnolls
  4 shadow imps
  8 white imps
  5 ufetubi
  An adder skeleton (D:5)
  3 worms (D:3)
  A dart slug (D:1)
  4 leopard geckos
  147 orcs
  7 giant cockroaches
  17 goblins
  14 hobgoblins
  10 jackals
  7 quokkas
  2 ball pythons
  14 bats
  4 frilled lizards
  A jackal skeleton (D:6)
  A jackal zombie (D:5)
  29 kobolds
  A leopard gecko skeleton (D:6)
  10 rats
  A bush (Shoals:2)
  A fungus (Lair:1)
  A plant (Snake:1)
  10 tentacles (Shoals:4)
2072 creatures vanquished.

Vanquished Creatures (collateral kills)
  A deep elf sorcerer (Elf:3)
  2 dancing weapons (Elf:2)
  6 deep elf magi
  An electric eel (Elf:3)
10 creatures vanquished.

Vanquished Creatures (others)
  Asterion (Depths:2)
  2 deep elf master archers (Elf:3)
  A stone giant (Depths:1)
  A deep elf death mage (Elf:3)
  3 dancing weapons
  2 deep elf knights
  A deep elf archer (Elf:1)
  2 deep elf magi (Elf:3)
  2 guardian serpents (Snake:4)
  A molten gargoyle (Depths:3)
  5 yaktaurs
  A hornet (Vaults:5)
  2 nagas (Snake:4)
  4 boggarts
  2 ogres
  2 orc wizards
  2 white imps (IceCv)
  4 ufetubi (IceCv)
  14 ball lightnings
  4 orcs (Vaults:5)
  A bush (Depths:1)
  A fungus (Lair:5)
  29 plants
  15 tentacles (Shoals:4)
102 creatures vanquished.

Grand Total: 2184 creatures vanquished

Notes
Turn   | Place    | Note
-------+----------+-------------------------------------------
     0 | D:1      | JeffiDaFish the Gargoyle Fighter began the quest for the
                  | Orb.
     0 | D:1      | Reached XP level 1. HP: 14/14 MP: 1/1
   149 | D:1      | Reached XP level 2. HP: 19/19 MP: 2/2
   355 | D:1      | Reached XP level 3. HP: 14/23 MP: 3/3
  1625 | D:2      | Reached XP level 4. HP: 29/29 MP: 4/4
  1817 | D:2      | Noticed Robin
  2123 | D:1      | Killed Robin
  2659 | D:2      | Reached XP level 5. HP: 23/33 MP: 3/5
  2812 | D:3      | Found an ancient bone altar of Kikubaaqudgha.
  2982 | D:3      | Reached skill level 1 in Dodging
  3850 | D:4      | Reached XP level 6. HP: 38/38 MP: 6/6
  4497 | D:5      | Entered Level 5 of the Dungeon
  4506 | D:5      | Noticed a hippogriff
  4531 | D:4      | Killed a hippogriff
  4531 | D:4      | Reached skill level 5 in Armour
  4531 | D:4      | Reached skill level 1 in Stealth
  4531 | D:4      | Reached skill level 5 in Shields
  4531 | D:4      | Reached XP level 7. HP: 21/43 MP: 3/7
  4783 | D:5      | Noticed Blork the orc
  4783 | D:5      | Noticed Eustachio
  4808 | D:5      | Killed Eustachio
  4808 | D:5      | Reached skill level 5 in Maces & Flails
  4827 | D:5      | Killed Blork the orc
  4833 | D:5      | Reached XP level 8. HP: 15/48 MP: 3/8
  5597 | D:6      | Found a staircase to the Ecumenical Temple.
  5613 | Temple   | Entered the Ecumenical Temple
  5622 | Temple   | Became a worshipper of Warmaster Okawaru
  5656 | D:6      | Found a bloodstained altar of Trog.
  5700 | D:6      | Found Noitie's Gadget Emporium.
  6008 | D:6      | Found a burning altar of Makhleb.
  6246 | D:6      | Found a shattered altar of Ashenzari.
  6387 | D:6      | Found a glowing golden altar of the Shining One.
  6469 | D:7      | Noticed Prince Ribbit
  6505 | D:7      | Killed Prince Ribbit
  6505 | D:7      | Reached * piety under Okawaru
  6505 | D:7      | Reached skill level 5 in Fighting
  6505 | D:7      | Reached XP level 9. HP: 11/54 MP: 3/9
  6765 | D:7      | Found a hazy altar of Hepliaklqana.
  6822 | D:7      | Noticed Harold
  6842 | D:7      | Killed Harold
  6842 | D:7      | Reached ** piety under Okawaru
  7479 | D:7      | Noticed Menkaure
  7496 | D:7      | Reached *** piety under Okawaru
  7504 | D:7      | Killed Menkaure
  7504 | D:7      | Reached XP level 10. HP: 20/60 MP: 4/10
  8088 | D:8      | Noticed a two-headed hydra
  8119 | D:8      | Killed a two-headed hydra
  8125 | D:8      | Reached **** piety under Okawaru
  8464 | D:8      | Found a radiant altar of Vehumet.
  8513 | D:8      | Reached skill level 10 in Maces & Flails
  8614 | D:8      | Noticed a two-headed ogre
  8636 | D:8      | Killed a two-headed ogre
  8636 | D:8      | Reached ***** piety under Okawaru
  8636 | D:8      | Reached XP level 11. HP: 57/67 MP: 8/11
  8687 | D:8      | Found a snail-covered altar of Cheibriados.
  8842 | D:8      | Found an opulent altar of Gozag.
  8867 | D:8      | Found a staircase to the Lair.
  8954 | D:8      | Found a glowing silver altar of Zin.
  8954 | D:8      | Noticed an angel
  9009 | D:8      | Found a viscous altar of Jiyva.
  9027 | D:9      | Noticed a two-headed ogre
  9203 | D:8      | Killed a two-headed ogre
  9436 | D:9      | Received a gift from Okawaru
  9453 | D:9      | Found a blossoming altar of Fedhas.
  9987 | D:9      | Found a staircase to the Orcish Mines.
 10780 | D:10     | Entered Level 10 of the Dungeon
 10807 | D:10     | Reached skill level 10 in Shields
 10854 | D:10     | Noticed Grum
 10920 | D:10     | Killed Grum
 11483 | D:10     | Noticed a six-headed hydra
 11496 | D:10     | Killed a six-headed hydra
 11846 | D:11     | Noticed a manticore
 11908 | D:11     | Noticed a salamander
 11917 | D:10     | Killed a salamander
 11941 | D:11     | Reached XP level 12. HP: 75/76 MP: 10/12
 12025 | D:11     | Noticed Erica
 12030 | D:11     | Killed Erica
 12121 | D:11     | Reached skill level 10 in Armour
 12415 | D:11     | Found Xiumism's Book Shop.
 12835 | D:11     | Reached skill level 10 in Fighting
 13332 | D:11     | Received a gift from Okawaru
 13502 | Lair:1   | Entered Level 1 of the Lair of Beasts
 13850 | Lair:1   | Identified a scroll of acquirement
 14018 | Lair:1   | Reached ****** piety under Okawaru
 14342 | Lair:1   | Noticed a four-headed hydra
 14353 | Lair:1   | Killed a four-headed hydra
 14813 | Lair:2   | Found a staircase to the Snake Pit.
 14897 | Lair:2   | Noticed Sonja
 15310 | Lair:2   | Killed Sonja
 15310 | Lair:2   | Received a gift from Okawaru
 15963 | Lair:3   | Reached XP level 13. HP: 76/84 MP: 11/13
 16256 | Lair:3   | Noticed Huasawuy's ghost (journeyman TrWz)
 16411 | Lair:3   | Found a runed translucent gate.
 16411 | Lair:3   | Found a runed translucent gate.
 16411 | Lair:3   | Found a runed translucent gate.
 16755 | Lair:4   | Received a gift from Okawaru
 17430 | Lair:4   | Found a staircase to the Shoals.
 18349 | Lair:6   | Entered Level 6 of the Lair of Beasts
 18511 | Lair:6   | Gained mutation: Your large and strong wings let you fly
                  | indefinitely. [Gargoyle growth]
 18511 | Lair:6   | Reached XP level 14. HP: 76/92 MP: 14/14
 18579 | Lair:6   | Received a gift from Okawaru
 18676 | Lair:6   | Gained mutation: You expend magic power (3 MP) to
                  | strengthen your wands. [potion of mutation]
 18676 | Lair:6   | Gained mutation: You have sharp fingernails. [potion of
                  | mutation]
 19519 | Lair:6   | Received a gift from Okawaru
 19979 | D:12     | Found a shimmering altar of Xom.
 20015 | D:12     | Found the +7 mace of Variability {chain chaos}
 20350 | D:12     | Received a gift from Okawaru
 20760 | D:13     | Found a glowing golden altar of the Shining One.
 21073 | D:13     | Found an ornate altar of the Wu Jian Council.
 21782 | D:13     | Reached XP level 15. HP: 100/100 MP: 15/15
 21800 | D:13     | Identified the +7 great mace "Woikh" {flame, rF+ MR- Int+4
                  | Stlth+}
 21851 | D:13     | Found a gate to the Vaults.
 22600 | D:15     | Entered Level 15 of the Dungeon
 22700 | D:15     | Reached skill level 15 in Armour
 22720 | D:15     | Received a gift from Okawaru
 23259 | D:15     | Reached skill level 15 in Fighting
 23955 | D:15     | Found a staircase to the Depths.
 24336 | Orc:1    | Entered Level 1 of the Orcish Mines
 24435 | Orc:2    | Entered Level 2 of the Orcish Mines
 24526 | Orc:2    | Found a burning altar of Makhleb.
 25144 | Orc:2    | Found a staircase to the Elven Halls.
 25273 | Orc:2    | Found Finyny's Book Emporium.
 25296 | Orc:2    | Found a radiant altar of Vehumet.
 25335 | Orc:2    | Found Zetom's Distillery.
 25345 | Orc:2    | Noticed Nergalle
 25351 | Orc:2    | Killed Nergalle
 25351 | Orc:2    | Received a gift from Okawaru
 25353 | Orc:2    | Found an ancient bone altar of Kikubaaqudgha.
 25364 | Orc:2    | Bought a potion of resistance for 110 gold pieces
 25364 | Orc:2    | Bought a potion of might for 44 gold pieces
 25364 | Orc:2    | Bought a potion of might for 44 gold pieces
 25364 | Orc:2    | Bought a potion of heal wounds for 55 gold pieces
 25373 | Orc:2    | Found Meiguek's Magic Scroll Emporium.
 25374 | Orc:2    | Found a roughly hewn altar of Beogh.
 25411 | Orc:2    | Found Caramuc's Antique Armour Emporium.
 25421 | Orc:2    | Bought a turquoise-studded chain mail for 256 gold pieces
 25421 | Orc:2    | Identified the +7 chain mail "Reakyint" {rF+ rC+ MR+ MP+9}
                  | (You bought it in a shop on level 2 of the Orcish Mines)
 25594 | Orc:2    | Reached XP level 16. HP: 71/108 MP: 13/16
 26664 | Snake:1  | Entered Level 1 of the Snake Pit
 26824 | Snake:1  | Found Ympac's Gadget Boutique.
 27126 | Snake:1  | Noticed Agnes
 27146 | Snake:1  | Killed Agnes
 27146 | Snake:1  | Received a gift from Okawaru
 27351 | Snake:1  | Received a gift from Okawaru
 27562 | Snake:1  | Noticed Rupert
 27566 | Snake:1  | Paralysed by Rupert for 4 turns
 27579 | Snake:1  | Killed Rupert
 27994 | Snake:2  | Noticed a nagaraja
 28307 | Snake:2  | Noticed a nagaraja
 28321 | Snake:2  | Killed a nagaraja
 28798 | Snake:2  | Noticed Louise
 28836 | Snake:1  | HP: 5/111 [black mamba (4)]
 29276 | Snake:1  | Reached XP level 17. HP: 49/116 MP: 10/17
 29682 | Snake:2  | Received a gift from Okawaru
 29730 | Snake:2  | Got an encrusted flail {god gift}
 29744 | Snake:2  | Identified the +1 flail "Jed Laq" {vamp, rPois rC+ Dex+4}
                  | (Okawaru gifted it to you on level 2 of the Snake Pit)
 29923 | Snake:2  | Noticed Vashnia
 29991 | Snake:1  | Killed Louise
 30928 | Snake:2  | Killed Vashnia
 31411 | Snake:3  | Received a gift from Okawaru
 32455 | Snake:3  | Reached skill level 15 in Maces & Flails
 32755 | Snake:3  | Found Qoaz's Food Shoppe.
 32910 | Snake:4  | Entered Level 4 of the Snake Pit
 32981 | Snake:4  | HP: 3/119 [guardian serpent (14)]
 33367 | Snake:4  | Reached XP level 18. HP: 105/124 MP: 18/18
 33484 | Snake:4  | Reached skill level 15 in Shields
 33596 | Snake:4  | Noticed Aizul
 33618 | Snake:4  | Killed Aizul
 33698 | Snake:4  | Received a gift from Okawaru
 35106 | Snake:4  | Got a serpentine rune of Zot
 35367 | Shoals:1 | Entered Level 1 of the Shoals
 35753 | Shoals:1 | Received a gift from Okawaru
 37289 | Shoals:3 | Found a frozen archway.
 37321 | Shoals:3 | Found the +5 demon whip "Spellbinder" {antimagic, MR+}
 37357 | IceCv    | Entered an ice cave
 37559 | IceCv    | Reached XP level 19. HP: 123/132 MP: 19/19
 37588 | IceCv    | Identified a +0 pair of boots of running (You found it in
                  | an ice cave)
 38631 | Shoals:4 | Entered Level 4 of the Shoals
 39069 | Shoals:4 | Received a gift from Okawaru
 39750 | Shoals:4 | Received a gift from Okawaru
 39753 | Shoals:4 | Identified the +1 morningstar of Massacring {drain, +Inv
                  | rElec rC- SInv} (Okawaru gifted it to you on level 4 of the
                  | Shoals)
 40547 | Shoals:4 | Identified Lihongia's Papyrus of the Mountains and the
                  | Entourage
 40918 | Shoals:4 | Got a barnacled rune of Zot
 41456 | Vaults:1 | Entered Level 1 of the Vaults
 41479 | Vaults:1 | Found Cicholus's Armour Shop.
 41914 | Vaults:1 | Received a gift from Okawaru
 41975 | Vaults:1 | Found a large runed translucent door.
 41975 | Vaults:1 | Found a large runed translucent door.
 41975 | Vaults:1 | Noticed Marixus's ghost (adept HOFi)
 41975 | Vaults:1 | Noticed DizzySkin's ghost (veteran MiBe)
 41993 | Vaults:1 | Found Cukho's Jewellery Shoppe.
 42001 | Vaults:1 | Bought a +6 ring of evasion for 780 gold pieces
 42009 | Vaults:1 | Found a magical portal.
 42322 | WizLab   | Received a gift from Okawaru
 42398 | WizLab   | Reached XP level 20. HP: 140/140 MP: 20/20
 43018 | WizLab   | Identified Iskenderun's Guide on Confrontation
 43018 | WizLab   | Identified Iskenderun's Tome of Combat Magic
 43032 | WizLab   | Identified the Reference Book on Summoning and Execration
 43265 | Vaults:1 | Found Voufal's Food Shop.
 43334 | Vaults:1 | Found Fapuoc's Assorted Antiques.
 43338 | Vaults:1 | Bought a pair of embroidered gloves for 270 gold pieces
 43338 | Vaults:1 | Bought a scroll of teleportation for 108 gold pieces
 43338 | Vaults:1 | Bought a scroll of teleportation for 108 gold pieces
 43338 | Vaults:1 | Bought a scroll of teleportation for 108 gold pieces
 43338 | Vaults:1 | Bought a scroll labeled TIOSUH HAANG for 36 gold pieces
 43577 | Vaults:1 | Found Isasylus's Magic Scroll Emporium.
 44341 | Vaults:2 | Found Meiwn's Magic Scroll Shoppe.
 44387 | Vaults:2 | Found Tykol's Antique Weapon Shop.
 44711 | Vaults:2 | Received a gift from Okawaru
 44887 | Vaults:2 | Got a pair of bloodstained gloves
 44898 | Vaults:2 | Identified the +1 pair of gloves "Uwoaffao" {Int+2} (You
                  | acquired it on level 2 of the Vaults)
 44993 | Vaults:2 | Found Xusal's Book Shop.
 45603 | Vaults:2 | Found Idipt's Distillery.
 46169 | Vaults:3 | Received a gift from Okawaru
 46690 | Vaults:3 | Reached XP level 21. HP: 128/148 MP: 21/21
 47458 | Vaults:3 | Found a staircase to the Crypt.
 47458 | Vaults:3 | Found a basalt altar of Yredelemnul.
 47460 | Vaults:3 | Found an ancient bone altar of Kikubaaqudgha.
 47979 | Vaults:3 | Noticed Bai Suzhen
 48002 | Vaults:3 | Killed Bai Suzhen
 48529 | Vaults:4 | Received a gift from Okawaru
 48591 | Vaults:4 | Identified the +1 mace "Embalmer" {crush, *Drain rC+ MR+
                  | Dex+4} (Okawaru gifted it to you on level 4 of the Vaults)
 48743 | Vaults:4 | Noticed Mennas
 49454 | Vaults:4 | Reached skill level 1 in Invocations
 49588 | Vaults:4 | Killed Mennas
 49769 | Vaults:4 | Received a gift from Okawaru
 50389 | Vaults:4 | Identified the cursed -5 pair of gloves of the Devil's Team
                  | {-Tele Dex+6} (You found it on level 4 of the Vaults)
 50850 | Elf:1    | Entered Level 1 of the Elven Halls
 51738 | Elf:1    | Received a gift from Okawaru
 51762 | Elf:1    | Reached XP level 22. HP: 156/156 MP: 20/24
 52305 | Elf:2    | Found Cilaep's Assorted Antiques.
 52612 | Elf:2    | Found a runed translucent gate.
 52612 | Elf:2    | Found a runed translucent gate.
 52612 | Elf:2    | Found a runed translucent gate.
 52728 | Elf:2    | Received a gift from Okawaru
 53133 | Elf:3    | Entered Level 3 of the Elven Halls
 53177 | Elf:3    | Reached skill level 5 in Invocations
 54777 | Elf:3    | Identified the cursed +0 glaive of Slime {venom, rPois rN++
                  | Int+3}
 54778 | Elf:3    | Received a gift from Okawaru
 55286 | Elf:3    | Identified the +4 morningstar of Causality {crush, rC+}
                  | (Okawaru gifted it to you on level 3 of the Elven Halls)
 55328 | Elf:3    | Identified the cursed +1 scimitar of Linearity {antimagic,
                  | rF+}
 55334 | Elf:3    | Reached XP level 23. HP: 163/163 MP: 12/27
 55751 | Elf:3    | Got a shimmering hat
 55762 | Elf:3    | Identified the +2 hat of Too Many Cooks {*Corrode rElec
                  | rN+++ Str-2} (You found it on level 3 of the Elven Halls)
 56371 | Vaults:5 | Entered Level 5 of the Vaults
 56790 | Vaults:4 | Received a gift from Okawaru
 58077 | Vaults:5 | Found Bemerioz's Distillery.
 58536 | Vaults:5 | Bought a potion of haste for 210 gold pieces
 58604 | Vaults:5 | Found Bopsu's Food Emporium.
 59228 | Vaults:5 | Reached XP level 24. HP: 148/171 MP: 29/29
 59294 | Vaults:5 | Noticed an ancient lich
 59316 | Vaults:5 | Killed an ancient lich
 59316 | Vaults:5 | Received a gift from Okawaru
 59903 | Vaults:5 | Identified the +6 glaive "Xehorph" {holy, Str+2}
 60254 | Vaults:5 | Identified the +2 cloak of the New World {Dex+5} (You found
                  | it on level 5 of the Vaults)
 60481 | Vaults:5 | Got a scorched steel ring
 60483 | Vaults:5 | Got a silver rune of Zot
 60484 | Vaults:5 | Identified the ring "Rean" {Ice Str+4} (You found it on
                  | level 5 of the Vaults)
 60592 | Vaults:5 | Got a slimy garnet amulet
 60593 | Vaults:5 | Identified the amulet of Prescription {Inacc Str+6 Int+3}
                  | (You found it on level 5 of the Vaults)
 60712 | Vaults:5 | Found Kioq Eve's Magic Scroll Shoppe.
 60716 | Vaults:5 | Bought 2 scrolls of enchant weapon for 240 gold pieces
 60716 | Vaults:5 | Bought a scroll of blinking for 120 gold pieces
 60992 | Depths:1 | Entered Level 1 of the Depths
 61154 | Depths:1 | Found a gateway to a ziggurat.
 61414 | Depths:1 | Received a gift from Okawaru
 61549 | Depths:1 | Found a one-way gate to the infinite horrors of the Abyss.
 61576 | Depths:1 | Found Huick's Jewellery Emporium.
 61577 | Depths:1 | Found Ysonnuu's Gadget Shop.
 61578 | Depths:1 | Found Lyhafesu's Jewellery Emporium.
 61588 | Depths:1 | Bought the ring "Xeppem" {MR+ Str+2} for 579 gold pieces
 61724 | Depths:1 | Found a gateway to Hell.
 62005 | Depths:2 | Noticed Asterion
 62018 | Depths:2 | Noticed Nikola
 62025 | Depths:2 | Killed Asterion
 62050 | Depths:2 | Killed Nikola
 62354 | Depths:2 | Noticed Saint Roka
 62368 | Depths:2 | Killed Saint Roka
 62389 | Depths:2 | Reached skill level 10 in Invocations
 62536 | Depths:2 | Received a gift from Okawaru
 62693 | Depths:2 | Reached XP level 25. HP: 178/178 MP: 30/30
 63471 | Depths:3 | Received a gift from Okawaru
 63521 | Depths:3 | Noticed a juggernaut
 63521 | Depths:3 | an iron dragon changed into a juggernaut
 63528 | Depths:3 | a juggernaut changed into a shadow dragon
 64528 | Depths:3 | Got a steaming silver amulet
 64552 | Depths:3 | Found the +8 demon trident "Rift" {distort, reach+}
 64828 | Depths:3 | Found a one-way gate leading to the halls of Pandemonium.
 65417 | Depths:4 | Noticed the Enchantress
 65447 | Depths:4 | Killed from afar by a fire giant

Levels and vault maps discovered:
D:1:      evilmike_arrival_fibonacci_small, layout_basic
D:2:      layout_loops_corners, chequers_decorated_corner, minmay_pentomino_x2,
          uniq_robin
D:3:      layout_basic, kiku_gazebo_pond_becter, grunt_decor_mini_mirrors
D:4:      layout_loops_ring, first_ration, minmay_crystal_water
D:5:      layout_cave_pools, due_unseen_surprise, uniq_eustachio,
          uniq_blork_the_orc
D:6:      layout_basic, tso_altar, old_standard_altar,
          cheibrodos_ashenzari_chains, minmay_temple_entry_trees, serial_shops,
          shop, makhleb_heckhound_becter
D:7:      layout_basic, lemuel_crystal_altar, minmay_misc_feat_enclosed,
          uniq_menkaure, uniq_harold, uniq_prince_ribbit1
D:8:      layout_rooms, lemuel_coloured_pillars_altar, old_standard_altar,
          zin_angel, fiery_altar_vehumet, grunt_lair_entry_orc_guard_hut,
          hangedman_ranch [blue_anna_fruit_fields], jiyva_altar_1
D:9:      layout_long_grid, erik_orc_2, roderic_batcave, fedhas_ov_isle_minmay
D:10:     layout_loops_ring, uniq_grum
D:11:     layout_basic, serial_shops, nicolae_shop_behind_doors, uniq_erica
D:12:     layout_loops_ring, minmay_guarded_unrand_variability
D:13:     layout_small_grid, ximxim_vaults_locker_room, hangedman_feature_mirror
D:14:     layout_loops_cross, minmay_librarian
D:15:     grunt_enter_depths_hoard, layout_basic
Temple:   cyrus_circular_temple
Lair:1:   layout_misc_corridors, nicolae_quartered_pool_medium,
          beast_lair_carwin_7
Lair:2:   layout_cave_pods, dummy_snake_entry, uniq_sonja
Lair:3:   layout_loops_ring, gammafunk_ghost_split, serial_bayou_shore_a,
          infiniplex_staircase_pool_2
Lair:4:   layout_gridlike, minmay_shoals_entry_lonely_mermaid, dpeg_oklob_1,
          grunt_megastairs_2, lemuel_fruit_tree
Lair:5:   layout_gridlike, minmay_slime_entry_oklob_enclosed,
          lemuel_old_faithful, infiniplex_staircase_pool, grunt_megastairs_5,
          minmay_lair_oklob_chamber
Lair:6:   evilmike_catoblepas_cave, layout_regular_city,
          grunt_forest_small_clearings, kilobyte_rumbling_trees,
          lemuel_fruit_fields, serial_bayou_shore_b
Shoals:1: layout_shoals
Shoals:2: argonaut_golden_fleece, layout_shoals
Shoals:3: nicolae_shoals_island_circles, layout_shoals,
          portal_ice_cave_entry_ice_statue_two
Shoals:4: shoals_end_grunt_ice, layout_shoals
Snake:1:  layout_chambers, serial_shops,
          nicolae_shop_temple_entry_statues_fountains, serial_bayou_lagoon_a,
          uniq_rupert, uniq_agnes
Snake:2:  layout_onion, evilmike_ambush [evilmike_ambush_outer_basic,
          evilmike_ambush_inner_basic], uniq_louise, uniq_vashnia
Snake:3:  layout_onion, serial_shops, shop
Snake:4:  snake_hunt, layout_cave_town, grunt_ministairs_11, uniq_aizul
Orc:1:    layout_caves
Orc:2:    kennysheep_orc_mage_school, layout_caves, basic_altar, minmay_orc_keep
Elf:1:    eino_elf_arrival_customs, layout_onion_city, evilmike_minifort,
          minivault_28
Elf:2:    layout_loops_ring, serial_shops, shop
Elf:3:    minmay_elf_hall_dome, layout_geoelf_castle
Vaults:1: advil_vaults_ghost_guards, nicolae_vaults_specimen_jars,
          grunt_vaults_hallway_short, v_misc_19,
          nicolae_vaults_little_squares_1, v_misc_5, vaults_room_door_ring,
          layout_vaults_omnigrid, mu_enter_wizlab_5, serial_shops, shop,
          nicolae_shop_trees, shop, shop_fountains, shop
Vaults:2: vaults_room_hallway, nicolae_vaults_ring_of_whatevers, v_misc_4,
          vaults_room_fancy_cross, vaults_room_door_ring,
          hangedman_vaults_corner, nicolae_vaults_twisting_passages, v_misc_5,
          vaults_room_ringed_pool, vaults_mumra_minichess, serial_ice_b,
          layout_vaults_omnicross, serial_shops, shop, shop, shop,
          nicolae_shop_crystal
Vaults:3: v_misc_25, ontoclasm_vaults_gateway, vaults_dpeg_diagonal, v_misc_15,
          minmay_crypt_entry_necro_gods, grunt_vaults_funneled_arena, v_misc_14,
          v_misc_10, v_misc_16, hangedman_vaults_nodes, v_misc_29,
          ontoclasm_vaults_fault, ontoclasm_vaults_twist,
          nicolae_vaults_little_ls, layout_vaults_omnibox, uniq_bai_suzhen
Vaults:4: nicolae_vaults_little_squares_1, nicolae_vaults_triangles,
          nicolae_vaults_little_squares_5, nicolae_vaults_network_square,
          nicolae_vaults_holding_cells, nicolae_vaults_little_squares_3,
          hangedman_vaults_nails, v_misc_15, serial_ice_h, vaults_dpeg_doors,
          v_misc_30, hangedman_vaults_stretched_pinwheel, v_rooms_2,
          layout_vaults_ring, uniq_mennas
Vaults:5: serial_shops
Depths:1: layout_cave_shapes, enter_ziggurat_a, pf_dread_powers_of_hell,
          marbit_kobold_abyss_entry, chequers_big_river,
          wheals_unrand_guarded_autumn_katana, minmay_shop_grove
Depths:2: minmay_textured_paths, layout_basic, hell_entry, abyss_entry,
          serial_sigils, serial_sigils_hangedman_leer,
          serial_sigils_hangedman_carve, serial_sigils_hangedman_gnaw,
          serial_sigils_hangedman_clutch, serial_sigils_hangedman_scar,
          hex_intersection, minmay_staircase_statues, uniq_nikola,
          uniq_asterion, uniq_saint_roka
Depths:3: radiant_caverns_b_rkd, hell_entry, pan_entry
Depths:4: minmay_thinvault, layout_cave_pools, abyss_entry_crystal,
          rand_demon_pan_entry_5, hell_entry, trove_entry_hex_spiral,
          minmay_tree_intersection, minivault_16, kennysheep_random_hallway,
          uniq_enchantress

Skill      XL: |  1  2  3  4  5  6  7  8  9 10 11 12 13 14 15 16 17 18 19 20 21 22 23 24 25 |
---------------+----------------------------------------------------------------------------+-----
Maces & Flails | 3 4 5 6 8 10 11 12 13 14 15 16 17 18 19 | 19.1
Armour         | 4 5 6 7 9 11 13 14 15 17 18 19 20 21 22 23 24 | 24.8
Dodging        | 1 2 3 |  3.3
Shields        | 4 5 7 9 10 11 12 13 14 15 16 17 18 19 | 19.6
Fighting       | 4 5 6 7 9 11 12 14 15 16 17 19 20 21 22 23 24 | 24.6
Stealth        | 1 |  1.4
Invocations    | 3 6 8 10 | 10.0

Action                   |  1- 3 |  4- 6 |  7- 9 | 10-12 | 13-15 | 16-18 | 19-21 | 22-24 | 25-27 || total
-------------------------+-------+-------+-------+-------+-------+-------+-------+-------+-------++-------
Melee: Flail             |   129 |   294 |   417 |  1089 |       |       |       |       |       ||  1929
       Eveningstar       |       |       |       |   161 |  1432 |  1859 |  1931 |  1146 |   582 ||  7111
       Demon whip        |       |       |       |       |       |       |   261 |   733 |    10 ||  1004
Invok: Finesse           |       |       |       |       |       |     2 |       |     1 |       ||     3
 Abil: Fly               |       |       |       |       |     1 |       |       |     1 |       ||     2
       Stop Flying       |       |       |       |       |       |       |       |     1 |     1 ||     2
Evoke: Wand              |       |       |       |     5 |       |       |     1 |       |       ||     6
  Use: Potion            |     3 |     1 |     6 |     3 |     1 |     3 |     4 |     2 |     2 ||    25
       Scroll            |     4 |     5 |     4 |     4 |     6 |    20 |    16 |    10 |     6 ||    75
 Stab: Invisible         |       |       |     1 |       |       |       |       |     1 |       ||     2
       Petrifying        |       |       |       |       |     2 |       |       |       |       ||     2
       Paralysed         |       |       |       |       |       |       |       |     4 |       ||     4
       Confused          |       |       |       |       |       |       |       |     3 |       ||     3
  Eat: Ration            |     1 |       |       |       |     1 |     5 |     3 |     1 |     1 ||    12
       Chunk             |       |     9 |    10 |    30 |    31 |    23 |    35 |    31 |     6 ||   175
Armor: Scale mail        |    85 |   200 |   213 |    77 |       |       |       |       |       ||   575
       Plate armour      |       |       |       |    50 |       |       |       |       |       ||    50
       Chain mail        |       |       |       |   467 |   105 |  1418 |  1057 |   730 |   218 ||  3995
       Skin              |       |       |       |     2 |       |       |       |       |       ||     2
       Crystal plate arm |       |       |       |       |   789 |       |       |       |       ||   789
Dodge: Dodged            |    39 |   119 |   149 |   370 |   270 |   651 |   588 |   756 |   207 ||  3149
Block: Shield            |    54 |   173 |   272 |   774 |   887 |  1751 |  1545 |  1520 |   424 ||  7400
       Reflection        |       |       |       |       |       |       |    18 |    96 |    11 ||   125
